 Dungeon Crawl Stone Soup version 0.23.1 (webtiles) character file.

Game seed: 1400299884510847904

253 Kairos the Chopper (level 6, -3/32 HPs)
             Began as a Vine Stalker Fighter on Mar 5, 2019.
             Slain by a wyvern (7 damage)
             ... on level 4 of the Dungeon.
             The game lasted 00:02:38 (2429 turns).

Kairos the Chopper (Vine Stalker Fighter)           Turns: 2429, Time: 00:02:38

Health: -3/32      AC: 10    Str: 20    XL:     6   Next: 14%
Magic:  0/7        EV:  5    Int:  8    God:
Gold:   149        SH:  9    Dex: 14    Spells: 5/5 levels left

rFire    . . .     SeeInvis .   a - +0 war axe
rCold    . . .     Gourm    .   c - +0 shield
rNeg     . . .     Faith    .   t - +0 chain mail
rPois    .         Spirit   +   (no helmet)
rElec    .         Reflect  .   n - +0 cloak
rCorr    .         Harm     .   (no gloves)
MR       .....                  (no boots)
Stlth    ..........             m - amulet of the acrobat
HPRegen  0.50/turn              (no ring)
MPRegen  0.10/turn              (no ring)

@: no status effects
A: fangs 2, regeneration 1, magic shield, antimagic bite, no potion heal 3, rot
immunity
a: no special abilities


You were on level 4 of the Dungeon.
You were not hungry.

You visited 1 branch of the dungeon, and saw 4 of its levels.

You collected 149 gold pieces.

Inventory:

Hand Weapons
 a - a +0 war axe (weapon)
 s - a +0 morningstar
Armour
 b - a +0 scale mail
 c - a +0 shield (worn)
 n - a +0 cloak (worn)
 t - a +0 chain mail (worn)
Jewellery
 m - an amulet of the acrobat (around neck)
Wands
 k - a wand of random effects (16)
Scrolls
 g - 4 scrolls of teleportation
 i - 2 scrolls of random uselessness {unknown}
 l - a scroll of immolation {unknown}
 p - a scroll of fear
Potions
 d - 2 potions of might
 e - 2 potions of agility
 h - 5 potions of haste
 j - 3 potions of curing
 o - a potion of mutation {unknown}
 q - a potion of ambrosia {unknown}
 r - a potion of invisibility {unknown}
Comestibles
 f - 7 rations


   Skills:
 + Level 3.3 Fighting
 + Level 4.0 Axes
 + Level 2.9 Armour
 + Level 1.0 Dodging
 + Level 0.3 Stealth
 + Level 3.6 Shields


You had 5 spell levels left.
You didn't know any spells.
Your spell library was empty.

Dungeon Overview and Level Annotations

Branches:
Dungeon (4/15)
 Temple: D:4-7

Altars:
Cheibriados
Wu Jian
The Shining One


Innate Abilities, Weirdness & Mutations

You have extremely sharp teeth.
Your natural rate of healing is unusually fast.
When hurt, damage is shared between your health and your magic reserves.
Your bite disrupts and absorbs the magic of your enemies.
Potions cannot restore your health.
You are immune to rotting.


Message History

The wyvern bites you but does no damage.
A hound comes into view.
You closely miss the wyvern. You bite the wyvern. You drain its power.
You feel invigorated.
The wyvern is heavily wounded.
The wyvern barely misses you. The wyvern bites you!
You hit the wyvern but do no damage. You bite the wyvern, but do no damage.
The wyvern is heavily wounded.
You are starving!
You block the wyvern's attack. The wyvern bites you!
* * * LOW HITPOINT WARNING * * *
Unknown command.
You eat one of the 8 rations.
That ration really hit the spot!
You block the wyvern's attack. The wyvern bites you.
* * * LOW HITPOINT WARNING * * *
Aiming: Random Effects
Press: ? - help, Shift-Dir - straight line, f - hound
Aim: a hound The wyvern looks slightly unstable.
The wyvern bites you!
You die...

.### ####.##.##
.....## ..........
......######.##.##
#.. ....# #.##.##
#.# #.#.# #.##.##
#.# #.#.####......
#h# #...........##
#l# #.#.#####.####
#@###.#.# #.# #
#.###.......# #.#
# #.........###
#.# #####.##.##
##.## #.##..#
##...## ..###.#
##.#.#.## .### #.#
#.##..... #. #.#
##.###.## # #.#
##.#.###


You could see a wyvern and a hound.

Vanquished Creatures
  Jessica (D:2)
  Ijyb (D:3)
  Natasha (thrice) (D:3)
  A worker ant (D:4)
  4 adders
  An ooze (D:1)
  2 dart slugs (D:1)
  2 ball pythons
  9 bats
  2 giant cockroaches (D:1)
  9 goblins
  3 hobgoblins
  10 jackals
  3 quokkas
  A jackal zombie (D:3)
  3 kobolds
  5 rats
60 creatures vanquished.

Notes
Turn   | Place    | Note
-------+----------+-------------------------------------------
     0 | D:1      | Kairos the Vine Stalker Fighter began the quest for the
                  | Orb.
     0 | D:1      | Reached XP level 1. HP: 11/11 MP: 2/2
    12 | D:1      | Reached skill level 2 in Axes
    12 | D:1      | Reached XP level 2. HP: 12/16 MP: 3/3
   202 | D:1      | Reached XP level 3. HP: 14/20 MP: 4/4
   797 | D:2      | Gained mutation: Your natural rate of healing is unusually
                  | fast. [Vine Stalker growth]
   797 | D:2      | Reached XP level 4. HP: 24/24 MP: 5/5
   840 | D:2      | Reached skill level 3 in Axes
  1006 | D:2      | Noticed Jessica
  1020 | D:2      | Killed Jessica
  1030 | D:2      | Found a glowing golden altar of the Shining One.
  1366 | D:3      | Noticed Ijyb
  1389 | D:3      | Killed Ijyb
  1389 | D:3      | Reached XP level 5. HP: 28/28 MP: 6/6
  1435 | D:3      | Found a snail-covered altar of Cheibriados.
  1473 | D:3      | Noticed Natasha
  1475 | D:3      | Killed Natasha
  1475 | D:3      | Reached skill level 1 in Dodging
  1749 | D:3      | Found an ornate altar of the Wu Jian Council.
  1750 | D:3      | Noticed Natasha
  1756 | D:3      | Killed Natasha
  1766 | D:3      | Noticed Natasha
  1774 | D:3      | Killed Natasha
  1774 | D:3      | Reached XP level 6. HP: 22/32 MP: 3/7
  2278 | D:4      | Reached skill level 4 in Axes
  2415 | D:4      | Noticed a wyvern
  2429 | D:4      | Slain by a wyvern

Skill      XL: |  1  2  3  4  5  6 |
---------------+-------------------+-----
Axes           | 2 3 4 |  4.0
Fighting       | 3 |  3.3
Shields        | 3 |  3.6
Dodging        | 1 |  1.0
Armour         | |  2.9
Stealth        | |  0.3

Action                   |  1- 3 |  4- 6 || total
-------------------------+-------+-------++-------
Melee: War axe           |    81 |    87 ||   168
       Bite              |    14 |    25 ||    39
Evoke: Wand              |       |     1 ||     1
  Use: Scroll            |     1 |     3 ||     4
       Potion            |     1 |       ||     1
  Eat: Chunk             |       |     3 ||     3
       Ration            |       |     1 ||     1
Armor: Scale mail        |    34 |    29 ||    63
       Chain mail        |       |     5 ||     5
Dodge: Dodged            |    46 |    30 ||    76
Block: Shield            |    50 |    52 ||   102
